 Dungeon Crawl Stone Soup version 0.31-a0-164-g2312942fda (webtiles) character file.

Game seed: 12184903819760300279

4246 lunkers the Geomancer (level 10, -4/74 HPs)
             Began as a Meteoran Earth Elementalist on June 13, 2023.
             Was a Believer of Ashenzari.
             Slain by a yak (12 damage)
             ... on level 9 of the Dungeon on June 14, 2023.
             The game lasted 00:14:59 (3781 turns).

lunkers the Geomancer (Meteoran Earth Elementalist) Turns: 3781, Time: 00:14:59

Health: -4/74      AC:  7    Str:  9    XL:     10   Next: 85%
Magic:  0/25       EV: 19    Int: 20    God:    Ashenzari [**....]
Gold:   341        SH:  0    Dex: 21    Spells: 20/30 levels left

rFire   . . .        a - staff of earth "Thunder Perfect Mind" (curse) {Elem, Melee} (curse)
rCold   . . .        (no shield)
rNeg    . . .        h - +3 leather armour of the Bound Blue Moon {rCorr Dex+4, Evo, Self} (curse)
rPois   .            t - +0 helmet
rElec   .            (no cloak)
rCorr   +            (no gloves)
SInv    +            (no boots)
Will    +....        (no amulet)
Stlth   +            d - ring "Circumscribed Together" {Wiz, Alch, Cun} (curse)
HPRegen 0.32/turn    l - ring "Behold Eternity" {EV+5, Elem, Fort} (curse)
MPRegen 0.19/turn

%: wizardry (x1)
@: glowing
A: sense surroundings 2, otherworldly, glowing, explore regen
a: Renounce Religion, Shatter the Chains


You were on level 9 of the Dungeon.
You worshipped Ashenzari.
Ashenzari was pleased with you.
You visited 1 branch of the dungeon, and saw 9 of its levels.

You collected 341 gold pieces.

Inventory:

Hand Weapons
 q - a +1 rapier of draining
 w - the +8 trident of the Octopus King {venom, rElec rPois}
   (You found it on level 4 of the Dungeon)

   rElec:     It insulates you from electricity.
   rPois:     It protects you from poison.
 y - a +0 long sword of electrocution
Missiles
 C - 2 throwing nets
Armour
 e - a +0 leather armour of willpower
 h - the cursed +3 leather armour of the Bound Blue Moon (worn) {rCorr Dex+4, Evo, Self}
   (You found it on level 2 of the Dungeon)

   Dex:       It affects your dexterity (+4).
   rCorr:     It protects you from acid and corrosion.
   It has a curse which improves the following skills: Evocations: Evocations.
   Introspection: Fighting and Spellcasting.
 t - a +0 helmet (worn)
 E - +0 steam dragon scales
Magical Staves
 a - the cursed staff of earth "Thunder Perfect Mind" (weapon) {Elem, Melee}
   (You found it on level 3 of the Dungeon)

   [staff of earth]

   Base accuracy: +5 Base damage: 5 Base attack delay: 1.2 This weapon's minimum
   attack delay (0.6) is reached at skill level 12.
   It falls into the 'Staves' category.
   It is a one-handed weapon.
   It has a curse which improves the following skills: Elements: Fire Magic, Ice
   Magic, Air Magic and Earth Magic.
   Melee Combat: Short Blades, Long Blades, Axes, Maces & Flails, Polearms,
   Staves and Unarmed Combat.
Jewellery
 d - the cursed ring "Circumscribed Together" (left hand) {Wiz, Alch, Cun}
   (You found it on level 2 of the Dungeon)

   [ring of wizardry]

   It improves your spell success rate.
   It has a curse which improves the following skills: Alchemy: Poison Magic and
   Transmutations.
   Cunning:   Dodging and Stealth.
 l - the cursed ring "Behold Eternity" (right hand) {EV+5, Elem, Fort}
   (You found it on level 3 of the Dungeon)

   [ring of evasion]

   EV:        It affects your evasion (+5).
   It has a curse which improves the following skills: Elements: Fire Magic, Ice
   Magic, Air Magic and Earth Magic.
   Fortitude: Armour and Shields.
 m - a ring of positive energy
Wands
 c - a wand of mindburst (19)
 p - a wand of digging (7)
 z - a wand of iceblast (8)
Scrolls
 j - 4 scrolls of enchant weapon
 r - 3 scrolls of vulnerability
 x - 2 scrolls of teleportation
 B - a scroll of silence
 D - a scroll of amnesia
Potions
 b - a potion of magic
 f - a potion of lignification
 g - 2 potions of brilliance
 i - 3 potions of curing
 k - a potion of invisibility
 n - 2 potions of attraction
 o - 2 potions of might
 s - 2 potions of resistance
 u - 2 potions of mutation
 v - a potion of ambrosia


   Skills:
 + Level 1.7(2.6) Fighting
 + Level 3.2(4.3) Dodging
 - Level 1.4(2.2) Stealth
 + Level 9.3(10.5) Spellcasting
 + Level 7.6 Conjurations
 - Level 1.2(2.0) Transmutations
 * Level 13.0(14.6) Earth Magic


You had 20 spell levels left.
You knew the following spells:

 Your Spells              Type           Power      Damage    Failure   Level
a - Sandblast             Erth           100%       2d20      0%          1
b - Passwall              Tmut/Erth      50%        N/A       1%          2
c - Stone Arrow           Conj/Erth      100%       3d13      1%          3
d - Petrify               Tmut/Erth      60%        N/A       1%          4

Your spell library contained the following spells:

 Spells                   Type           Power      Damage    Failure   Level
 Animate Armour           Summ/Erth      100%       N/A       1%          4
 Apportation              Tloc           20%        N/A       4%          1
 Necrotise                Necr           40%        1d6       4%          1
 Summon Small Mammal      Summ           40%        N/A       4%          1
 Ensorcelled Hibernation  Hex/Ice        20%        N/A       6%          2
 Swiftness                Air            11%        N/A       11%         3
 Lehudib's Crystal Spear  Conj/Erth      35%        10d9      91%         8


Dungeon Overview and Level Annotations

Branches:
Dungeon (9/15) Zot: 2881   Temple (0/1) D:7            Lair (0/5) D:8
    Orc: D:9-12

Altars:
Ashenzari
Okawaru
Ru


Innate Abilities, Weirdness & Mutations

You passively map the area around you.
You are easily found by Zot.
You glow in the dark.
You regain HP and MP as you explore.


Message History

The yak misses you.
Unknown command.
Aiming: Sandblast (safe; 0% risk of failure)
Press: ? - help, Q - select action, (/) - cycle Shift-Dir - straight line, f/p - yak
Aim: a yak (almost dead, 91% to hit)
You feel a surge of power!
The blast of sand hits the yak!!
You kill the yak!
* * * LOW MAGIC WARNING * * *
The yak completely misses you.
Your base Earth Magic skill increases to level 13!
You barely miss the yak. You closely miss the yak.
The yak completely misses you.
You closely miss the yak. You barely miss the yak. The yak gores you.
* * * LOW HITPOINT WARNING * * *
You barely miss the yak. You hit the yak.
You shatter the yak.
The yak is lightly wounded.
The yak gores you!
* * * LOW HITPOINT WARNING * * *
Aiming: Sandblast (safe; 0% risk of failure)
Press: ? - help, Q - select action, (/) - cycle Shift-Dir - straight line, f - yak
Aim: a yak (lightly wounded, 91% to hit)
You feel a surge of power!
The blast of sand hits the yak.
The yak is moderately wounded.
* * * LOW MAGIC WARNING * * *
The yak gores you.
* * * LOW HITPOINT WARNING * * *
The yak gores you but does no damage.
Unknown command.
The yak attacks as you move away! The yak misses you.
The yak attacks as you move away! The yak misses you.
The yak attacks as you move away! The yak gores you!
* * * LOW HITPOINT WARNING * * *
Aiming: Sandblast (safe; 0% risk of failure)
Press: ? - help, Q - select action, (/) - cycle Shift-Dir - straight line, f/p - yak
Aim: a yak (moderately wounded, 91% to hit)
You feel a surge of power!
The blast of sand hits the yak!!
The yak is severely wounded.
* * * LOW MAGIC WARNING * * *
The yak gores you!
You die...

...........##... , , *
<.............. , ..## *
########...... * , ..., ,,
#..... ..### * ########....
, .... ....)).#...## , ,
,##..#* *, *
######.##...###, ###..# *,,
, #.####...####...##### * ,#
#.#####....@Y...))..######.#
#..))).).....######.....†..#
############## ##########


You could see a yak.

Vanquished Creatures
  An elephant (D:8)
  Joseph (D:7)
  Maggie (D:8)
  2 wyverns (D:8)
  3 yaks (D:9)
  Eustachio (D:4)
  Grum (D:9)
  A basilisk (D:8)
  An ice beast (D:7)
  An ogre (D:5)
  3 black bears
  2 wolves (D:9)
  2 phantoms (D:6)
  3 centaurs
  2 kobold brigands
  A bullfrog (D:7)
  3 scorpions
  5 killer bees (D:9)
  A hound (D:4)
  A jelly (D:6)
  An orc priest (D:6)
  2 gnoll boudas
  2 iguanas
  Jessica (D:3)
  2 orc wizards
  2 sleepcaps
  13 gnolls
  10 adders
  4 white imps
  2 ufetubi
  A dart slug (D:2)
  8 orcs
  A ball python (D:3)
  3 bats
  3 endoplasms (D:2)
  2 giant cockroaches
  4 goblins
  3 hobgoblins
  3 jackals (D:5)
  2 quokkas
  A frilled lizard (D:3)
  12 kobolds
  6 rats
124 creatures vanquished.

Notes
Turn   | Place    | Note
-------+----------+-------------------------------------------
     0 | D:1      | lunkers the Meteoran Earth Elementalist began the quest for
                  | the Orb.
     0 | D:1      | Reached XP level 1. HP: 14/14 MP: 5/5
    45 | D:1      | Reached XP level 2. HP: 19/20 MP: 1/6
    59 | D:1      | Reached skill level 4 in Earth Magic
   260 | D:2      | Reached XP level 3. HP: 26/26 MP: 6/8
   433 | D:2      | Identified the +3 leather armour of Devotion {rCorr Dex+4}
   470 | D:2      | Found a faded altar of an unknown god.
   505 | D:3      | Reached skill level 5 in Earth Magic
   505 | D:3      | Reached XP level 4. HP: 23/33 MP: 7/10
   614 | D:3      | Noticed a scorpion
   618 | D:3      | Killed a scorpion
   619 | D:3      | Reached skill level 6 in Earth Magic
   619 | D:3      | Reached XP level 5. HP: 38/38 MP: 6/12
   925 | D:3      | Noticed Jessica
   928 | D:3      | Killed Jessica
   929 | D:3      | Reached XP level 6. HP: 45/45 MP: 11/13
   964 | D:4      | Found a broken altar of Ashenzari.
   990 | D:4      | Became a worshipper of Ashenzari the Shackled
  1001 | D:4      | Noticed Eustachio
  1008 | D:4      | Killed Eustachio
  1009 | D:4      | Reached skill level 5 in Spellcasting
  1009 | D:4      | Reached skill level 7 in Earth Magic
  1009 | D:4      | Reached XP level 7. HP: 44/50 MP: 10/15
  1018 | D:4      | Learned a level 2 spell: Passwall
  1022 | D:4      | Learned a level 3 spell: Stone Arrow
  1192 | D:4      | Found an iron altar of Okawaru.
  1233 | D:4      | Found the +8 trident of the Octopus King {venom, rElec
                  | rPois}
  1328 | D:4      | Reached skill level 1 in Conjurations
  2101 | D:5      | Entered Level 5 of the Dungeon
  2111 | D:5      | Reached skill level 8 in Earth Magic
  2188 | D:5      | Reached XP level 8. HP: 57/57 MP: 16/18
  2227 | D:5      | Reached * piety under Ashenzari
  2408 | D:6      | Reached skill level 9 in Earth Magic
  2551 | D:6      | Learned a level 4 spell: Petrify
  2764 | D:6      | Gained mutation: You passively map the area around you.
                  | [Meteoran growth]
  2764 | D:6      | Reached XP level 9. HP: 54/62 MP: 12/21
  2782 | D:7      | Noticed Joseph
  2786 | D:7      | Killed Joseph
  2787 | D:7      | Reached skill level 10 in Earth Magic
  2849 | D:7      | Reached skill level 5 in Conjurations
  2932 | D:7      | Found a staircase to the Ecumenical Temple.
  2945 | D:7      | Found a sacrificial altar of Ru.
  3140 | D:7      | Reached ** piety under Ashenzari
  3210 | D:8      | Found a staircase to the Lair.
  3213 | D:8      | Reached skill level 11 in Earth Magic
  3229 | D:8      | Noticed an elephant
  3233 | D:8      | Killed an elephant
  3234 | D:8      | Reached XP level 10. HP: 69/69 MP: 12/24
  3514 | D:8      | Reached skill level 12 in Earth Magic
  3595 | D:8      | Noticed Maggie
  3603 | D:8      | Killed Maggie
  3683 | D:9      | Noticed Grum
  3694 | D:9      | Killed Grum
  3699 | D:9      | HP: 2/72 [gnoll/+0 spear[a gnoll bouda] (5)]
  3712 | D:9      | Reached skill level 1 in Fighting
  3772 | D:9      | Reached skill level 13 in Earth Magic
  3781 | D:9      | Slain by a yak

Illustrated notes

Levels and vault maps discovered:
D:1:      psy_arrival_dodecagon, layout_rooms, nrook_loot_triangle,
          nicolae_concentric_dashed_squares_wild
D:2:      layout_basic, hellmonk_ecumenical_altar_leap_of_faith, serial_shops,
          shop
D:3:      layout_loops_ring, minmay_box_of_dots, uniq_jessica
D:4:      layout_layer_cave, mainiacjoe_overflow_alcove_1,
          cheibrodos_ashenzari_chains, uniq_eustachio
D:5:      layout_cave_pools
D:6:      layout_basic
D:7:      layout_loops_cross, mainiacjoe_overflow_concentric_impassable,
          minmay_temple_entry_overgrown, uniq_joseph
D:8:      layout_loops_corners, david_lair_generic, uniq_maggie
D:9:      layout_loops_ring, serial_shops, shop, minivault_21,
          minmay_misc_feat_iff, uniq_grum, uniq_psyche

Skill      XL: |  1  2  3  4  5  6  7  8  9 10 |
---------------+-------------------------------+-----
Earth Magic    | 4 5 6 7 8 9 11 13 | 13.0
Spellcasting   | 3 4 5 6 8 9 |  9.3
Conjurations   | 2 4 6 7 |  7.6
Fighting       | 1 |  1.7
Dodging        | 3 |  3.2
Stealth        | |  1.4
Transmutations | |  1.2

Action                     |  1- 3 |  4- 6 |  7- 9 | 10-12 || total
---------------------------+-------+-------+-------+-------++-------
  Melee: Staff             |       |       |       |     8 ||     8
   Cast: Sandblast         |    27 |    21 |   103 |    29 ||   180
         Stone Arrow       |       |       |    14 |    24 ||    38
 Invoke: Curse Item        |       |       |     3 |     1 ||     4
    Use: Scroll            |       |       |     4 |       ||     4
         Potion            |       |       |       |     1 ||     1
 Armour: Robe              |     3 |       |       |       ||     3
         Leather armour    |     4 |     4 |    18 |     7 ||    33
  Dodge: Dodged            |     9 |     9 |    41 |    40 ||    99

Table legend: (Time is in decaauts)
 A = Elapsed time spent in this place.
 B = Non-inter-level travel time spent in this place.
 C = Inter-level travel time spent in this place.
 D = Time resting spent in this place.
 E = Time spent auto-exploring this place.
 F = Levels seen in this place.
 G = Mean time per level.
                   A        B        C        D        E       F      G
               +--------+--------+--------+--------+--------+-----+--------+
         Total |   3867 |   3775 |     92 |      0 |   2512 |   9 |  429.7 |
       Dungeon |   3867 |   3775 |     92 |      0 |   2512 |   9 |  429.7 |
               +--------+--------+--------+--------+--------+-----+--------+

Top non-repeatable levels by time:
     D:4: 1160 daAuts
     D:8: 488 daAuts
     D:3: 461 daAuts
     D:6: 443 daAuts
     D:7: 402 daAuts
     D:2: 312 daAuts
     D:5: 257 daAuts
     D:1: 194 daAuts
     D:9: 145 daAuts
